 Dungeon Crawl Stone Soup version 0.29-a0-268-g5627465c62 (webtiles) character file.

Game seed: 5371449993765589596

99 Morbidden the Grasshopper (level 4, -1/34 HPs)
             Began as a Demonspawn Warper on Mar 7, 2022.
             Slain by an orc
             ... wielding a +2 flail of holy wrath
              (8 damage)
             ... on level 3 of the Dungeon.
             The game lasted 00:02:27 (3156 turns).

Morbidden the Grasshopper (Demonspawn Warper)       Turns: 3156, Time: 00:02:27

Health: -1/34      AC:  4    Str: 14    XL:     4   Next: 45%
Magic:  7/7        EV: 11    Int: 14    God:
Gold:   119        SH:  5    Dex: 12    Spells: 7/7 levels left

rFire   . . .      SeeInvis .   b - +2 dagger (venom)
rCold   + . .      Faith    .   (no shield)
rNeg    . . .      Spirit   .   p - +0 leather armour {rC+}
rPois   .          Reflect  +   h - +0 helmet
rElec   .          Harm     .   (no cloak)
rCorr   .          Rampage  .   (no gloves)
Will    .....                   (no boots)
Stlth   +.........              o - amulet of reflection
HPRegen 0.11/turn               (no ring)
MPRegen 0.10/turn               (no ring)

@: no status effects
A: hooves 1, foul stench 1
a: no special abilities


You were on level 3 of the Dungeon.
You visited 1 branch of the dungeon, and saw 3 of its levels.

You collected 119 gold pieces.

Inventory:

Hand Weapons
 a - a +0 short sword
 b - a +2 dagger of venom (weapon)
Missiles
 d - 7 boomerangs of dispersal
 i - 4 javelins (quivered)
 q - 2 throwing nets
Armour
 h - a +0 helmet (worn)
 j - a +0 chain mail
 p - a +0 leather armour of cold resistance (worn)
Jewellery
 k - the ring of Jauc {Ice rN+}
   (You found it on level 2 of the Dungeon)

   [ring of ice]

   It enhances your ice magic.
   rF:        It makes you vulnerable to fire.
   rC:        It protects you from cold.
   rN:        It protects you from negative energy.
 o - an amulet of reflection (around neck)
Scrolls
 c - 2 scrolls of blinking
 g - a scroll of magic mapping {unknown}
 l - a scroll of enchant armour {unknown}
 m - 2 scrolls of identify {unknown}
 n - 2 scrolls of teleportation {unknown}
Potions
 e - 4 potions of heal wounds {unknown}
 f - a potion of haste {unknown}


   Skills:
 * Level 2.4 Fighting
 + Level 2.8 Short Blades
 + Level 1.0 Throwing
 + Level 1.2 Armour
 + Level 2.0 Dodging
 + Level 0.1 Stealth
 * Level 2.2 Spellcasting
 * Level 3.4 Translocations


You had 7 spell levels left.
You didn't know any spells.
Your spell library contained the following spells:

 Spells                   Type           Power      Damage    Failure   Level
 Blink                    Tloc           22%        N/A       11%         2
 Gell's Gravitas          Tloc           11%        N/A       21%         3
 Lesser Beckoning         Tloc           11%        N/A       21%         3
 Teleport Other           Tloc           11%        N/A       21%         3
 Freeze                   Ice            4%         1d3       28%         1
 Dazzling Flash           Conj/Hex       2%         N/A       65%         3
 Frozen Ramparts          Ice            2%         1d2       65%         3
 Iskenderun's Mystic Bla  Conj/Tloc      6%         2d4       80%         4
 Manifold Assault         Tloc           11%        N/A       88%         5
 Hailstorm                Conj/Ice       1%         3d3       96%         4
 Starburst                Conj/Fire      0%         6d3       100%        6


Dungeon Overview and Level Annotations

Branches:
Dungeon (3/15)

Altars:

Shops:
D:3 *


Innate Abilities, Weirdness & Mutations

You have large cloven feet.
You may rarely emit foul miasma when damaged in melee.


Message History

The hobgoblin closely misses you.
You hit the hobgoblin but do no damage.
The hobgoblin is poisoned.
The hobgoblin is severely wounded.
You kill the hobgoblin!
No target in view!
No target in view!
No target in view!
You see here a hobgoblin corpse.
Found 18 stones.
Okay, then.
You see here 18 stones.
m - 2 scrolls labelled ATOFYS VUA (gained 1)
You see here 18 stones.
An orc comes into view.
It is wielding a +2 flail of holy wrath.
The orc shouts!
An orc is nearby!
An orc is nearby!
You block the orc's attack.
You hit the orc but do no damage. The orc hits you but does no damage.
You hit the orc but do no damage.
The orc is poisoned.
You kick the orc.
The orc is moderately wounded.
The orc hits you with a +2 flail of holy wrath.
You convulse.
You closely miss the orc.
The orc is moderately wounded.
You barely miss the orc. You kick the orc, but do no damage.
The orc is moderately wounded.
The orc barely misses you.
You barely miss the orc.
The orc is moderately wounded.
The orc hits you with a +2 flail of holy wrath!
You convulse!
* * * LOW HITPOINT WARNING * * *
You are too injured to fight recklessly!
You are too injured to fight recklessly!
You are too injured to fight recklessly!
Unknown command.
The orc attacks as you move away!
The orc hits you with a +2 flail of holy wrath!
You die...

..............###..)......#
. .#..........##..........#
# ##.....................#
#...........#.........#
#......................
####.........##..........#
.....####.......>[.......#
###.......######.......).#
........o@..............<.
###.#.##########.........#
.. ##.......## ## ##.....##
#######


You could see an orc (very poisoned).

Vanquished Creatures
  2 adders
  2 worms (D:2)
  4 dart slugs
  5 orcs
  3 bats
  9 endoplasms
  5 giant cockroaches
  5 goblins
  9 hobgoblins
  A quokka (D:2)
  2 ball pythons
  4 kobolds
  2 rats
53 creatures vanquished.

Vanquished Creatures (others)
  A kobold (D:1)
1 creature vanquished.

Grand Total: 54 creatures vanquished

Notes
Turn   | Place    | Note
-------+----------+-------------------------------------------
     0 | D:1      | Morbidden the Demonspawn Warper began the quest for the
                  | Orb.
     0 | D:1      | Reached XP level 1. HP: 16/16 MP: 3/3
   353 | D:1      | Reached skill level 3 in Translocations
   353 | D:1      | Discovered your monstrous ancestry.
   353 | D:1      | Gained mutation: You have large cloven feet. [demonic
                  | ancestry]
   353 | D:1      | Reached XP level 2. HP: 18/22 MP: 5/5
   601 | D:1      | Reached skill level 1 in Armour
   645 | D:1      | Reached skill level 1 in Throwing
  1055 | D:2      | Reached XP level 3. HP: 6/27 MP: 6/6
  1537 | D:2      | Identified the ring of Jauc {Ice rN+}
  2030 | D:2      | Found a faded altar of an unknown god.
  2571 | D:3      | Found Setoisiwn's Assorted Antiques.
  2598 | D:3      | Gained mutation: You may rarely emit foul miasma when
                  | damaged in melee. [demonic ancestry]
  2598 | D:3      | Reached XP level 4. HP: 14/34 MP: 7/7
  3156 | D:3      | Slain by an orc

Illustrated notes

Levels and vault maps discovered:
D:1:      minmay_arrival_split_and_join, layout_rooms, serial_bayou_pond_d,
          minmay_misc_feat_doors
D:2:      layout_basic, shapermc_ecumenical_altar_ellora, glass_columns_a
D:3:      layout_rooms, serial_shops, shop, uniq_jessica

Skill      XL: |  1  2  3 |
---------------+----------+-----
Translocations | 3 |  3.4
Short Blades   | 2 |  2.8
Armour         | 1 |  1.2
Throwing       | 1 |  1.0
Dodging        | 2 |  2.0
Fighting       | |  2.4
Stealth        | |  0.1
Spellcasting   | |  2.2

Action                   |  1- 3 |  4- 6 || total
-------------------------+-------+-------++-------
Melee: Short sword       |    92 |       ||    92
       Punch             |     3 |       ||     3
       Kick              |    27 |    14 ||    41
       Dagger            |    36 |    39 ||    75
 Stab: Sleeping          |     1 |       ||     1
Armor: Leather armour    |    32 |     7 ||    39
Dodge: Dodged            |    62 |    18 ||    80
Block: Other             |       |     6 ||     6

Table legend: (Time is in decaauts)
 A = Elapsed time spent in this place.
 B = Non-inter-level travel time spent in this place.
 C = Inter-level travel time spent in this place.
 D = Time resting spent in this place.
 E = Time spent auto-exploring this place.
 F = Levels seen in this place.
 G = Mean time per level.
                   A        B        C        D        E       F      G
               +--------+--------+--------+--------+--------+-----+--------+
         Total |   3146 |   3110 |     36 |    319 |   2376 |   3 | 1048.7 |
       Dungeon |   3146 |   3110 |     36 |    319 |   2376 |   3 | 1048.7 |
               +--------+--------+--------+--------+--------+-----+--------+

Top non-repeatable levels by time:
     D:1: 1341 daAuts
     D:2: 1226 daAuts
     D:3: 578 daAuts
